[Event "Titled Tuesday Blitz January 31 Early 2023"]
[White "Chigaev, Maksim"]
[Black "Bosnjak, Petar"]
[WhiteFideId "4108116"]
[BlackFideId "14532581"]
[WhiteElo "2628"]
[BlackElo "2337"]
[Result "0-1"]
[Round "11"]
[TimeControl "180+2"]
[Date "2023.01.31"]
[WhiteClock "0:00:02"]
[BlackClock "0:00:27"]

1. e4 c6 2. d4 d5 3. e5 Bf5 4. h4 h5 5. Bg5 Qb6 6. Bd3 Bxd3 7. Qxd3 e6 8. Nd2 Nh6 9. Ngf3 Nf5 10. O-O Be7 11. c4 Qa6 12. b3 Nd7 13. a4 Bxg5 14. Nxg5 g6 15. b4 dxc4 16. Nxc4 Nb6 17. b5 cxb5 18. Nd6+ Nxd6 19. exd6 bxa4 20. Qg3 O-O 21. Nxe6 Nc4 22. Nxf8 Rxf8 23. Rfc1 b5 24. d5 Rd8 25. Re1 Qxd6 26. Qg5 Kg7 27. Rad1 Qf6 28. Qg3 a3 29. Qc7 Qb6 30. Qe7 Qd6 31. Qxa7 Rd7 32. Qd4+ Qf6 33. Qc5 Qb6 34. Qb4 Qa5 35. Qb3 Nd6 36. Re2 b4 37. Rb1 Rb7 38. Qg3 Nf5 39. Qe5+ Kh7 40. Rd2 Qd8 41. d6 b3 42. d7 Rxd7 43. Rxd7 Qxd7 44. Rxb3 Qd1+ 0-1


[Site "https://www.chess.com"]

[Event "Titled Tuesday Blitz January 31 Early 2023"]
[White "Dehtiarov, Roman"]
[Black "Svane, Frederik"]
[WhiteFideId "14186640"]
[BlackFideId "12923044"]
[WhiteElo "2289"]
[BlackElo "2600"]
[Result "0-1"]
[Round "11"]
[TimeControl "180+2"]
[Date "2023.01.31"]
[WhiteClock "0:00:01"]
[BlackClock "0:00:13"]

1. e4 b6 2. Nc3 Bb7 3. d4 g6 4. Nf3 Bg7 5. Be3 d6 6. Bc4 e6 7. O-O Nd7 8. Re1 Ngf6 9. e5 dxe5 10. dxe5 Ng4 11. Bg5 Bxf3 12. Qxf3 Ngxe5 13. Qe4 Qc8 14. Ba6 Qb8 15. f4 Nc5 16. Qe2 Ned7 17. Bb5 Qb7 18. Rad1 c6 0-1


[Site "https://www.chess.com"]

[Event "Titled Tuesday Blitz January 31 Early 2023"]
[White "Yeletsky, Ivan"]
[Black "Alex_Sahakyan2006"]
[WhiteFideId "24180327"]
[WhiteElo "2494"]
[BlackElo "2661"]
[Result "0-1"]
[Round "11"]
[TimeControl "180+2"]
[Date "2023.01.31"]
[WhiteClock "0:00:01"]
[BlackClock "0:00:04"]

1. e4 c5 2. Nf3 e6 3. g3 Nc6 4. Bg2 g6 5. d4 cxd4 6. Nxd4 Bg7 7. Nb5 Nge7 8. Nd6+ Kf8 9. O-O h5 10. h3 b6 11. Nc3 Ba6 12. Re1 Nc8 13. Bf4 g5 14. Be3 Be5 15. Ncb5 Nxd6 16. Nxd6 Qe7 17. Nf5 exf5 18. exf5 Qf6 19. Qxd7 Rc8 20. Qd2 Rd8 21. Qc1 Rg8 22. c3 Ne7 23. Bxg5 Qxg5 24. Rxe5 Qxc1+ 25. Rxc1 Nc8 26. Rce1 Kg7 27. f6+ Kxf6 28. Rxh5 Ne7 29. h4 Ng6 30. Rh7 Rh8 31. Rxh8 Rxh8 32. Be4 Ne5 33. f4 Nd3 34. Rb1 Nc5 35. Bf3 Rd8 36. Rd1 Rxd1+ 37. Bxd1 Bc4 38. b3 Be6 39. Kf2 Ne4+ 40. Kf3 Nxc3 41. Bc2 Nxa2 42. g4 Nb4 43. g5+ Kg7 44. Bd1 a5 45. h5 b5 46. h6+ Kg8 47. Ke4 Nd5 48. Ke5 Nc3 49. Bc2 a4 50. bxa4 bxa4 51. g6 Bb3 52. gxf7+ Bxf7 53. Kd4 Nb5+ 54. Kc5 Bb3 55. Bb1 Nc3 56. Bd3 a3 57. Kb4 a2 58. Kxc3 a1=Q+ 59. Kxb3 Qd4 60. h7+ Kg7 61. Kc2 Qxf4 62. Kc3 Qc7+ 63. Kd4 Qd8+ 64. Ke3 Qh8 65. Be4 Kf6 66. Kf4 Qb8+ 67. Kf3 Ke5 68. Bd3 Qh8 69. Ke3 Qf6 70. Bc2 Qf4+ 71. Ke2 Qh2+ 72. Ke3 Qh3+ 73. Ke2 Kd4 74. Bf5 Qh2+ 75. Kf3 Ke5 76. Bd3 Qf4+ 77. Ke2 Qf6 78. Ke3 Qg7 79. Kf3 Kd4 80. Ke2 Qe5+ 0-1


[Site "https://www.chess.com"]

[Event "Titled Tuesday Blitz January 31 Early 2023"]
[White "Zhigalko, Sergei"]
[Black "Taspinar, Yanki"]
[WhiteFideId "13502956"]
[BlackFideId "34561188"]
[WhiteElo "2572"]
[BlackElo "2262"]
[Result "1-0"]
[Round "11"]
[TimeControl "180+2"]
[Date "2023.01.31"]
[WhiteClock "0:00:11"]
[BlackClock "0:00:23"]

1. e4 e5 2. Nf3 Nc6 3. Bc4 Nf6 4. d3 Bc5 5. O-O d6 6. Nbd2 a6 7. c3 Ba7 8. Bb3 h6 9. Re1 Be6 10. Nf1 O-O 11. Ng3 Re8 12. h3 d5 13. exd5 Bxd5 14. Be3 Bxe3 15. Rxe3 Qd7 16. Bc2 Rad8 17. Qe2 Bxf3 18. Rxf3 Qd5 19. Bb3 Qd7 20. Nh5 Nd5 21. Bxd5 Qxd5 22. Rg3 Kf8 23. Nxg7 Re7 24. Qh5 Rd6 25. Nf5 Rf6 26. Nxe7 Kxe7 27. Qe2 Kf8 28. a3 b5 29. Re1 Rf4 30. Rf3 Rxf3 31. Qxf3 Qxf3 32. gxf3 f6 33. Kg2 Kf7 34. f4 exf4 35. d4 Na5 36. Kf3 Nc4 37. Re2 a5 38. Kxf4 a4 39. Ke4 c6 40. Kd3 f5 41. Kc2 Kf6 42. Re8 Kf7 43. Rc8 Na5 44. f4 Ke6 45. Re8+ Kf6 46. Rg8 Kf7 47. Rg3 Nc4 48. h4 Nd6 49. h5 Ne4 50. Rg6 Nf6 51. Rxh6 Kg7 52. Rg6+ Kf7 53. Rg5 Ke6 54. h6 1-0


[Site "https://www.chess.com"]

[Event "Titled Tuesday Blitz January 31 Early 2023"]
[White "Arabidze, Meri"]
[Black "Kukhmazov, Arsen"]
[WhiteFideId "13604040"]
[BlackFideId "24108260"]
[WhiteElo "2441"]
[BlackElo "2512"]
[Result "0-1"]
[Round "11"]
[TimeControl "180+2"]
[Date "2023.01.31"]
[WhiteClock "0:00:10"]
[BlackClock "0:01:25"]

1. Nf3 d5 2. b3 c6 3. Bb2 Bf5 4. e3 h6 5. Be2 e6 6. O-O Nf6 7. c4 Be7 8. Nc3 O-O 9. Nd4 Bh7 10. f4 c5 11. Ndb5 Nc6 12. cxd5 exd5 13. d4 a6 14. Na3 Re8 15. Bf3 Rc8 16. Kh1 cxd4 17. exd4 Qa5 18. Na4 Bxa3 19. Bxa3 b5 20. Rc1 bxa4 21. Rc5 Qd8 22. bxa4 Ne4 23. Bxe4 Bxe4 24. f5 Qg5 25. Rf2 Ne7 26. Bc1 Qf6 27. Kg1 Nxf5 28. g4 Qxd4 29. Qxd4 Nxd4 30. Rxc8 Rxc8 0-1


[Site "https://www.chess.com"]

[Event "Titled Tuesday Blitz January 31 Early 2023"]
[White "Koelle, Tobias"]
[Black "EREBUNI91"]
[WhiteFideId "16207378"]
[WhiteElo "2432"]
[BlackElo "2542"]
[Result "1/2-1/2"]
[Round "11"]
[TimeControl "180+2"]
[Date "2023.01.31"]
[WhiteClock "0:00:43"]
[BlackClock "0:00:13"]

1. Nf3 Nf6 2. Rg1 d5 3. h3 Nc6 4. d4 Bf5 5. g4 Be4 6. Nbd2 Qd6 7. a3 O-O-O 8. c4 e5 9. dxe5 Nxe5 10. Nxe4 Nxe4 11. Qxd5 Nxf3+ 12. exf3 Qh2 13. Rg2 Qh1 14. Qxe4 Bb4+ 15. axb4 Rhe8 16. Qxe8 Rxe8+ 17. Be3 Qxh3 18. Rg3 Qh6 19. O-O-O Qa6 20. Kb1 Qa4 21. Rc1 Qxb4 22. Rh3 h6 23. Rh5 c6 24. Bd3 a5 25. Ka2 a4 26. Rc3 Rd8 27. Bc2 a3 28. Rxa3 Qxc4+ 29. Bb3 Qf1 30. Bb6 Rd1 31. Ra8+ Kd7 32. Rd8+ Ke7 33. Rxd1 Qa6+ 34. Kb1 Qxb6 35. Re5+ Kf6 36. Rf5+ Kg6 37. Rxf7 Qxb3 38. Rfd7 Qxf3 39. Kc1 Qxg4 40. Rxb7 Qc4+ 41. Kb1 h5 42. Rg1+ Kh6 43. Rbxg7 Qd3+ 44. Ka1 Qa6+ 45. Kb1 Qd3+ 46. Ka1 Qa6+ 47. Kb1 Qd3+ 1/2-1/2


[Site "https://www.chess.com"]

[Event "Titled Tuesday Blitz January 31 Early 2023"]
[White "Nouri, Alekhine"]
[Black "Antonica, Dragos-Andrei"]
[WhiteFideId "5216184"]
[BlackFideId "1246372"]
[WhiteElo "2257"]
[BlackElo "2373"]
[Result "1-0"]
[Round "11"]
[TimeControl "180+2"]
[Date "2023.01.31"]
[WhiteClock "0:00:49"]
[BlackClock "0:00:16"]

1. e4 c5 2. Nf3 e6 3. d4 cxd4 4. Nxd4 a6 5. Nc3 Qc7 6. Be3 Nf6 7. a3 d6 8. Qf3 Nbd7 9. O-O-O Ne5 10. Qg3 Nc4 11. Bxc4 Qxc4 12. f4 Be7 13. e5 Nh5 14. Qf3 g6 15. exd6 Bxd6 16. Nc6 Bd7 17. Ne4 Bxa3 18. Ne5 Bxb2+ 19. Kxb2 Qb4+ 20. Kc1 Ba4 21. Bc5 Qa5 22. Qxh5 Qxc5 23. Nxc5 gxh5 24. Nxa4 1-0


[Site "https://www.chess.com"]

[Event "Titled Tuesday Blitz January 31 Early 2023"]
[White "Averjanov, Alexey"]
[Black "Yelisieiev, Yevhenii"]
[WhiteFideId "14109867"]
[BlackFideId "14139642"]
[WhiteElo "2399"]
[BlackElo "2418"]
[Result "0-1"]
[Round "11"]
[TimeControl "180+2"]
[Date "2023.01.31"]
[WhiteClock "0:02:11"]
[BlackClock "0:00:56"]

1. d4 d6 2. c4 e5 3. Nc3 exd4 4. Qxd4 Nc6 5. Qd2 g6 6. b3 Bg7 7. Bb2 Nge7 8. g3 O-O 9. Bg2 Nf5 10. Nh3 Re8 11. Nf4 Ncd4 12. h4 h5 13. O-O c6 14. Rad1 Ne6 15. Nxe6 Rxe6 16. Ne4 Bxb2 17. Qxb2 Qe7 18. Qc2 a5 19. e3 a4 20. Ng5 Re5 21. Nf3 Re6 22. Nd4 Nxd4 23. Rxd4 axb3 24. axb3 Rf6 25. Rfd1 Qe5 26. Qd2 Bg4 27. Re1 Ra3 28. Qb4 Ra2 29. Rd2 Ra1 30. Rd4 c5 31. Rxa1 cxb4 32. Bxb7 Bf3 33. Ra8+ Kg7 34. Rf4 Bxb7 0-1


[Site "https://www.chess.com"]

[Event "Titled Tuesday Blitz January 31 Early 2023"]
[White "Preotu, Razvan"]
[Black "Weetik, Vjacheslav"]
[WhiteFideId "2613280"]
[BlackFideId "4153472"]
[WhiteElo "2475"]
[BlackElo "2423"]
[Result "1/2-1/2"]
[Round "11"]
[TimeControl "180+2"]
[Date "2023.01.31"]
[WhiteClock "0:00:18"]
[BlackClock "0:00:05"]

1. e4 c6 2. Nc3 d5 3. Nf3 dxe4 4. Nxe4 Nf6 5. Qe2 Nxe4 6. Qxe4 Nd7 7. d4 Nf6 8. Qf4 Qa5+ 9. Bd2 Qf5 10. Bd3 Qxf4 11. Bxf4 g6 12. O-O Bg7 13. Rfe1 O-O 14. h3 Bf5 15. Bxf5 gxf5 16. c3 e6 17. Ne5 Rfe8 18. a4 Nd5 19. Nd3 Nxf4 20. Nxf4 Rad8 21. Re2 b6 22. g3 c5 23. dxc5 bxc5 24. a5 Rd6 25. Ra4 Rb8 26. Rc4 Bf8 27. Kg2 Ra6 28. Nd3 Rxa5 29. Ne5 Ra2 30. Nd7 Rbxb2 31. Rxb2 Rxb2 32. Nxf8 Kxf8 33. Rxc5 Ra2 34. Rc7 a5 35. Ra7 a4 36. c4 Kg7 37. c5 Rc2 38. Rxa4 Rxc5 39. h4 h5 40. Ra6 Kf6 41. Kf3 Rc3+ 42. Kf4 Rb3 43. Rc6 Kg6 44. Ra6 Kf6 45. Rc6 Rd3 46. Rb6 Rd4+ 47. Kf3 Ra4 48. Rc6 Ra2 49. Rb6 Rc2 50. Ra6 Rc8 51. Rb6 Rg8 52. Ra6 Rg4 53. Rb6 f4 54. Rb5 fxg3 55. fxg3 Kg6 56. Rb8 f6 57. Rg8+ Kf5 58. Rh8 Kg6 59. Rg8+ Kf5 60. Rh8 Kg6 61. Rg8+ 1/2-1/2


[Site "https://www.chess.com"]

[Event "Titled Tuesday Blitz January 31 Early 2023"]
[White "Ioannidis, Evgenios"]
[Black "Odegov, Artem"]
[WhiteFideId "4229274"]
[BlackFideId "34183644"]
[WhiteElo "2467"]
[BlackElo "2261"]
[Result "1-0"]
[Round "11"]
[TimeControl "180+2"]
[Date "2023.01.31"]
[WhiteClock "0:00:34"]
[BlackClock "0:00:03"]

1. d4 d5 2. c4 e6 3. Nc3 c5 4. cxd5 exd5 5. Nf3 Nc6 6. g3 Nf6 7. Bg2 Be7 8. O-O O-O 9. dxc5 Bxc5 10. Bg5 d4 11. Bxf6 Qxf6 12. Ne4 Qe7 13. Nxc5 Qxc5 14. Rc1 Qb6 15. Qd2 Bg4 16. Rfd1 Rad8 17. b3 Rfe8 18. h3 Bh5 19. Rc4 Bxf3 20. Bxf3 d3 21. Re4 Ne5 22. Bg2 Qa6 23. Re1 Kf8 24. Qb4+ Kg8 25. exd3 f6 26. d4 Qb6 27. Qxb6 axb6 28. dxe5 fxe5 29. Rxe5 Rxe5 30. Rxe5 h5 31. Rxh5 g5 32. Rxg5+ Kh7 33. Bxb7 b5 34. Rxb5 Kh6 35. a4 Kh7 36. a5 Rd6 37. a6 Rg6 38. a7 Rg8 39. a8=Q Rg7 40. Be4+ Kh6 41. Qh8+ Rh7 42. Qxh7# 1-0


[Site "https://www.chess.com"]

[Event "Titled Tuesday Blitz January 31 Early 2023"]
[White "Costachi, Mihnea"]
[Black "Mirzoev, Azer"]
[WhiteFideId "1217518"]
[BlackFideId "13400304"]
[WhiteElo "2476"]
[BlackElo "2416"]
[Result "0-1"]
[Round "11"]
[TimeControl "180+2"]
[Date "2023.01.31"]
[WhiteClock "0:00:10"]
[BlackClock "0:00:10"]

1. Nc3 d5 2. d4 e6 3. Bf4 Nf6 4. e3 a6 5. Nf3 b5 6. Ne5 c5 7. Be2 Nbd7 8. O-O Bb7 9. Bf3 Be7 10. Re1 O-O 11. e4 cxd4 12. Qxd4 Nxe5 13. Qxe5 b4 14. Na4 dxe4 15. Be2 Bd5 16. b3 Nd7 17. Qh5 Bf6 18. Rad1 a5 19. Bb5 Ra7 20. Bd6 Be7 21. Be5 Nxe5 22. Qxe5 Qc7 23. Qb2 Bf6 24. Qc1 h6 25. h3 Rc8 26. Re2 Bg5 27. Qb2 Raa8 28. Qd4 Bf6 29. Qe3 Rab8 30. Ba6 Rd8 31. g3 Bc6 32. Red2 Rxd2 33. Qxd2 Rd8 34. Qe2 Rxd1+ 35. Qxd1 Bd5 36. Bf1 g6 37. Bg2 Kg7 38. Qe2 Qc6 39. h4 h5 40. Qd2 Be5 41. Qe2 Bd4 42. Qd2 e5 43. Qe2 Qb7 44. Bh3 Bc6 45. Bg2 e3 46. Bxc6 exf2+ 47. Kh2 Qxc6 48. Qd3 Qe6 49. Qe2 Qf5 50. Qf1 Qf3 51. Qg2 Qe2 52. Qxf2 Qxf2+ 0-1


[Site "https://www.chess.com"]

[Event "Titled Tuesday Blitz January 31 Early 2023"]
[White "Hambleton, Aman"]
[Black "Cella, Glaucio Dalla Cortt"]
[WhiteFideId "2606577"]
[BlackFideId "2119455"]
[WhiteElo "2420"]
[BlackElo "1894"]
[Result "1-0"]
[Round "11"]
[TimeControl "180+2"]
[Date "2023.01.31"]
[WhiteClock "0:02:11"]
[BlackClock "0:00:14"]

1. d4 Nf6 2. c4 e5 3. dxe5 Ng4 4. Nh3 Nxe5 5. e3 d5 6. Qxd5 Qe7 7. Nf4 Nbc6 8. Qd1 Bg4 9. Be2 Rd8 10. Nd5 Bxe2 11. Qxe2 Qd6 12. Nbc3 Ne7 13. Nb5 1-0


[Site "https://www.chess.com"]

[Event "Titled Tuesday Blitz January 31 Early 2023"]
[White "Lotfizadeh, Mehdi"]
[Black "Bilych, Olexiy"]
[WhiteFideId "42513618"]
[BlackFideId "14156504"]
[WhiteElo "1529"]
[BlackElo "2441"]
[Result "0-1"]
[Round "11"]
[TimeControl "180+2"]
[Date "2023.01.31"]
[WhiteClock "0:00:35"]
[BlackClock "0:01:27"]

1. Nf3 d5 2. g3 Nf6 3. Bg2 c5 4. O-O Nc6 5. d4 cxd4 6. Nxd4 h6 7. c4 e5 8. Nxc6 bxc6 9. Qa4 Bd7 10. Rd1 Be7 11. b3 O-O 12. Ba3 Bxa3 13. Qxa3 d4 14. Nd2 Bg4 15. Nf3 Re8 16. Qc5 Qb6 17. Qxb6 axb6 18. c5 Bxf3 19. exf3 bxc5 20. Rdc1 Ra5 21. f4 e4 22. Rc4 Nd5 23. f5 Nc3 24. b4 cxb4 25. Rxd4 b3 26. Rb4 Rxa2 27. Re1 b2 28. Rb3 Ra1 0-1


[Site "https://www.chess.com"]

[Event "Titled Tuesday Blitz January 31 Early 2023"]
[White "Shapiro, Viktor"]
[Black "Aradhya, Garg"]
[WhiteFideId "4175700"]
[BlackFideId "25006746"]
[WhiteElo "2192"]
[BlackElo "2284"]
[Result "0-1"]
[Round "11"]
[TimeControl "180+2"]
[Date "2023.01.31"]
[WhiteClock "0:00:56"]
[BlackClock "0:01:35"]

1. c4 e5 2. Nc3 Nf6 3. g3 Nc6 4. Bg2 g6 5. Nf3 Bg7 6. d3 O-O 7. Rb1 d5 8. cxd5 Nxd5 9. O-O Nb6 10. b4 a6 11. a4 Re8 12. a5 Nd5 13. Nxd5 Qxd5 14. Ng5 Qd7 15. Be3 Rb8 16. b5 axb5 17. Rxb5 Nd4 18. Rd5 Qe7 19. Bxd4 exd4 20. Ne4 c6 21. Rd6 f5 22. Qb3+ Be6 23. Rxe6 Qxe6 24. Qxe6+ Rxe6 25. Nc5 Rxe2 26. a6 bxa6 27. Nxa6 Rb6 28. Nc5 Bh6 29. Nd7 Rb3 30. Bxc6 Kg7 31. Nc5 Rc3 32. Bf3 Re5 33. Nd7 Re7 34. Nb6 Rxd3 35. Kg2 Rb3 36. Nd5 Rd7 37. Rd1 d3 38. h4 d2 39. Nf4 Bxf4 40. gxf4 Rc3 0-1


[Site "https://www.chess.com"]

[Event "Titled Tuesday Blitz January 31 Early 2023"]
[White "Vestby-Ellingsen, Mads"]
[Black "Hasangatin, Ramil"]
[WhiteFideId "1520857"]
[BlackFideId "4122160"]
[WhiteElo "2387"]
[BlackElo "2457"]
[Result "0-1"]
[Round "11"]
[TimeControl "180+2"]
[Date "2023.01.31"]
[WhiteClock "0:00:02"]
[BlackClock "0:00:13"]

1. e4 d5 2. Nc3 Nf6 3. e5 d4 4. exf6 dxc3 5. fxg7 cxd2+ 6. Qxd2 Qxd2+ 7. Bxd2 Bxg7 8. O-O-O Nc6 9. Nf3 Bg4 10. Be2 O-O-O 11. h3 Bh5 12. Rhe1 Rd7 13. g4 Bg6 14. Bc4 Rhd8 15. Be3 Bxb2+ 16. Kxb2 Rxd1 17. Re2 R1d7 18. h4 h5 19. Ng5 Ne5 20. Bb3 Nxg4 21. Nxf7 Bxf7 22. Bxf7 Nxe3 23. Rxe3 Rd2 24. Bxh5 Rxf2 25. Bg4+ Kb8 26. Rxe7 a6 27. Re5 Rdd2 28. Bf5 Rfe2 29. Rc5 Rh2 30. Rc4 Rd6 31. Rg4 Rh6 32. Rg8+ Ka7 33. Rg7 Kb6 34. Rg8 R2xh4 35. Bd3 Rd6 36. Kb3 a5 37. a3 a4+ 38. Kc3 Rc6+ 39. Kb2 Rc5 40. Rg6+ c6 41. Rg8 Ka7 42. Rg7 Rd4 43. Rg8 Rd7 44. Rg6 b5 45. Rg8 Kb6 46. Rb8+ Rb7 47. Rh8 Re5 48. Rh6 Kc5 49. Kc3 Rd7 50. Rh8 Rd6 51. Rg8 Rh5 52. Rf8 Rh4 53. Rg8 Rf6 54. Re8 Rh3 55. Re5+ Kb6 56. Kb4 Rf4+ 57. Kc3 Rc4+ 58. Kb2 Rc5 59. Re8 Rd5 60. Rb8+ Kc7 61. Rg8 Rdxd3 62. cxd3 Rxd3 63. Rg5 Rb3+ 64. Ka2 Kb6 65. Rf5 Rd3 66. Kb2 Rd2+ 67. Kb1 Rd5 68. Rf4 c5 69. Rf6+ Ka5 70. Kb2 b4 71. axb4+ cxb4 72. Rf8 Rd2+ 73. Kc1 Re2 74. Ra8+ Kb5 75. Rc8 a3 76. Kb1 Ka4 77. Rh8 Re3 78. Kc2 b3+ 79. Kc1 b2+ 80. Kc2 Re2+ 81. Kd1 b1=Q+ 82. Kxe2 Qb2+ 83. Kd1 Qxh8 0-1


[Site "https://www.chess.com"]

[Event "Titled Tuesday Blitz January 31 Early 2023"]
[White "Khamdamova, Afruza"]
[Black "Starozhilov, Leonid"]
[WhiteFideId "14210444"]
[BlackFideId "14106752"]
[WhiteElo "2162"]
[BlackElo "2313"]
[Result "0-1"]
[Round "11"]
[TimeControl "180+2"]
[Date "2023.01.31"]
[WhiteClock "0:00:01"]
[BlackClock "0:00:07"]

1. e4 Nc6 2. d4 d6 3. Nf3 Nf6 4. Nc3 g6 5. Be3 Bg7 6. Qd2 Bg4 7. Be2 O-O 8. O-O-O Bxf3 9. Bxf3 e5 10. d5 Nd4 11. Bxd4 exd4 12. Qxd4 Ng4 13. e5 Nxe5 14. Qf4 b5 15. Kb1 b4 16. Ne2 a5 17. h4 a4 18. h5 b3 19. cxb3 a3 20. Nd4 axb2 21. hxg6 hxg6 22. Qh2 Re8 23. Be4 Qf6 24. Bc2 Kf8 25. f4 Ng4 26. Qg3 Ne3 27. Rd2 Nxc2 28. Nxc2 Qf5 29. Qd3 Qxf4 30. Rf1 Qe4 31. Qxe4 Rxe4 32. Rdf2 f5 33. a4 Kg8 34. Na3 Re3 35. Ka2 Rae8 36. Rb1 R8e4 37. Nb5 Rb4 0-1


[Site "https://www.chess.com"]

[Event "Titled Tuesday Blitz January 31 Early 2023"]
[White "Ansh M Shah"]
[Black "Md, Imran"]
[WhiteFideId "25033379"]
[BlackFideId "25748580"]
[WhiteElo "2171"]
[BlackElo "2284"]
[Result "0-1"]
[Round "11"]
[TimeControl "180+2"]
[Date "2023.01.31"]
[WhiteClock "0:00:06"]
[BlackClock "0:01:14"]

1. d4 Nf6 2. c4 g6 3. h4 Bg7 4. Nc3 c5 5. d5 O-O 6. e4 d6 7. Be2 h5 8. Nf3 e6 9. Bf4 exd5 10. exd5 Re8 11. O-O Ne4 12. Nxe4 Rxe4 13. Bg5 Qb6 14. Nd2 Re8 15. Qc2 Bf5 16. Bd3 Bxd3 17. Qxd3 Nd7 18. Ne4 f5 19. Nc3 Ne5 20. Qe2 Nf7 21. Qd3 Ne5 22. Qe2 Qb4 23. Nb5 Nxc4 24. Qd3 Qxb5 25. Bc1 Qa6 26. b3 Ne5 27. Qg3 Ng4 28. Bf4 Rad8 29. f3 Qd3 30. Rad1 Bd4+ 31. Kh1 Nf2+ 32. Kh2 Nxd1 33. Qxg6+ Bg7 34. Bh6 Qd4 35. Rxd1 Qf6 36. Bxg7 Qxg6 0-1


[Site "https://www.chess.com"]

[Event "Titled Tuesday Blitz January 31 Early 2023"]
[White "Predke, Alexandr"]
[Black "Gjestemoen-VonHirsch, Andre"]
[WhiteFideId "24107581"]
[BlackFideId "1539531"]
[WhiteElo "2685"]
[BlackElo "2314"]
[Result "1-0"]
[Round "11"]
[TimeControl "180+2"]
[Date "2023.01.31"]
[WhiteClock "0:00:05"]
[BlackClock "0:00:03"]

1. e4 d6 2. f4 Nf6 3. e5 Nd5 4. Nf3 Nxf4 5. d4 dxe5 6. Nxe5 Ng6 7. Nxf7 Kxf7 8. Bc4+ Ke8 9. O-O e6 10. Nc3 Bd6 11. g3 Rf8 12. Ne4 Nc6 13. c3 Rxf1+ 14. Qxf1 Be7 15. Qh3 Nf8 16. Qh5+ g6 17. Qe2 Na5 18. Bd3 Qd5 19. Bh6 Nd7 20. Rf1 c5 21. Qf3 cxd4 22. Qf7+ Kd8 23. c4 Nxc4 24. Qg8+ Kc7 25. Rc1 Kb6 26. Rxc4 Ne5 27. Qe8 Nxc4 28. Qxe7 Ne5 29. Qb4+ Kc7 30. Bf4 a5 31. Qe7+ Kb6 32. Bxe5 Qxe5 33. Qd8+ Qc7 34. Qxd4+ Kc6 35. Qc5+ Kd7 36. Nf6+ Kd8 37. Qf8# 1-0


[Site "https://www.chess.com"]

[Event "Titled Tuesday Blitz January 31 Early 2023"]
[White "Kopczynski, Michal"]
[Black "Bruzon Batista, Lazaro"]
[WhiteFideId "1124200"]
[BlackFideId "3503739"]
[WhiteElo "2225"]
[BlackElo "2611"]
[Result "0-1"]
[Round "11"]
[TimeControl "180+2"]
[Date "2023.01.31"]
[WhiteClock "0:00:34"]
[BlackClock "0:01:17"]

1. e4 c5 2. d4 cxd4 3. c3 dxc3 4. Nxc3 Nc6 5. f4 e6 6. Nf3 a6 7. Bd3 Bc5 8. Bd2 Nge7 9. Qe2 d6 10. O-O-O b5 11. Kb1 Bb7 12. e5 d5 13. f5 exf5 14. e6 f6 15. Nh4 g6 16. Rc1 Bd6 17. g4 fxg4 18. Qxg4 Ne5 19. Qe2 Nxd3 20. Qxd3 Be5 21. Nf3 O-O 22. Nxe5 fxe5 23. h4 d4 24. Ne4 Bxe4 25. Qxe4 Qd5 26. Qg4 Qf3 27. Qg5 Qf5+ 28. Ka1 Qxg5 29. Bxg5 Rae8 30. h5 Rf5 31. Rcg1 Nd5 32. hxg6 hxg6 33. e7 Kf7 34. Rh7+ Ke6 35. Rg7 Nxe7 36. Bxe7 Rxe7 37. R7xg6+ Rf6 0-1


[Site "https://www.chess.com"]

[Event "Titled Tuesday Blitz January 31 Early 2023"]
[White "Yuan, Qingyu"]
[Black "Martynov, Pavel"]
[WhiteFideId "8609772"]
[BlackFideId "4101260"]
[WhiteElo "2373"]
[BlackElo "2414"]
[Result "1-0"]
[Round "11"]
[TimeControl "180+2"]
[Date "2023.01.31"]
[WhiteClock "0:00:38"]
[BlackClock "0:00:05"]

1. e4 c5 2. Nf3 e6 3. c3 d5 4. exd5 Qxd5 5. d4 Nf6 6. Na3 Nc6 7. Be3 cxd4 8. Nb5 Qd7 9. Nbxd4 Be7 10. Bb5 Qc7 11. Nxc6 bxc6 12. Bd3 O-O 13. Qc2 c5 14. O-O c4 15. Be2 Bb7 16. Nd2 Bd5 17. Rfe1 Bd6 18. h3 Rfb8 19. Rab1 a5 20. b3 cxb3 21. axb3 Be5 22. c4 Bc6 23. Bf3 h6 24. Bxc6 Qxc6 25. Bxh6 Bd6 26. Bg5 Bb4 27. Bxf6 gxf6 28. Re3 a4 29. bxa4 Bxd2 30. Rxb8+ Rxb8 31. Qxd2 Qxc4 32. Rg3+ Kh7 33. Rg4 Qd5 34. Rh4+ Kg8 35. Qh6 Rb1+ 36. Kh2 Qe5+ 37. f4 Qf5 38. Qh8# 1-0


[Site "https://www.chess.com"]

[Event "Titled Tuesday Blitz January 31 Early 2023"]
[White "Kilic, Eray"]
[Black "Sielecki, Christof"]
[WhiteFideId "44517173"]
[BlackFideId "4620437"]
[WhiteElo "2414"]
[BlackElo "2419"]
[Result "1/2-1/2"]
[Round "11"]
[TimeControl "180+2"]
[Date "2023.01.31"]
[WhiteClock "0:00:08"]
[BlackClock "0:00:10"]

1. e4 c5 2. Nf3 a6 3. c4 Nc6 4. Nc3 e5 5. d3 d6 6. Be2 Rb8 7. O-O b5 8. cxb5 axb5 9. Be3 Nf6 10. a4 bxa4 11. Qxa4 Bd7 12. Qc2 Be7 13. Nd2 O-O 14. Nc4 Be6 15. f4 Nd4 16. Bxd4 exd4 17. Na4 d5 18. Ne5 dxe4 19. Nc6 Qc7 20. Nxb8 Rxb8 21. dxe4 Bb3 22. Qb1 c4 23. e5 Nd5 24. Qe4 Ne3 25. Rfc1 Rb4 26. Kh1 g6 27. Qxd4 Nc2 28. Rxc2 Bxc2 29. Nc3 Bc5 30. Qd2 Bf5 31. Nd5 Qb7 32. Nxb4 Bxb4 33. Qe3 Be4 34. Bf3 Bxf3 35. Qxf3 Qb6 36. h3 Bd2 37. Rb1 c3 38. Qd3 Qf2 39. Qd8+ Kg7 40. Qf6+ Kh6 41. Qg5+ Kg7 42. bxc3 Bxf4 43. Qf6+ Kh6 44. Qd8 Qg3 45. Qf8+ Kh5 46. Kg1 Be3+ 47. Kh1 Bf4 48. Kg1 Be3+ 49. Kh1 Bf4 1/2-1/2


[Site "https://www.chess.com"]

[Event "Titled Tuesday Blitz January 31 Early 2023"]
[White "Ristic, Nebojsa B"]
[Black "Tactrics"]
[WhiteFideId "935468"]
[WhiteElo "2236"]
[BlackElo "2800"]
[Result "0-1"]
[Round "11"]
[TimeControl "180+2"]
[Date "2023.01.31"]
[WhiteClock "0:00:19"]
[BlackClock "0:00:19"]

1. d4 e6 2. Bf4 b6 3. e4 Bb7 4. Nc3 Nf6 5. Bd3 d5 6. e5 Ne4 7. Nge2 Nxc3 8. Nxc3 Nc6 9. Ne2 Nb4 10. Bb5+ Bc6 11. Bxc6+ Nxc6 12. Rc1 Qd7 13. O-O Be7 14. Ng3 g6 15. Bh6 Na5 16. Qd3 c5 17. c3 Nc6 18. f4 a5 19. Kh1 a4 20. Bg5 h5 21. Ne2 c4 22. Qc2 a3 23. b3 cxb3 24. Qxb3 O-O 25. Bxe7 Nxe7 26. g4 hxg4 27. Rg1 Kg7 28. Rxg4 Rh8 29. Rcg1 Nf5 30. Ng3 Ne3 31. Rg5 Qa4 32. Qb1 Qc2 33. Qxc2 Nxc2 34. Nh5+ Kf8 35. Nf6 Ke7 36. Rb1 Rab8 37. Rb3 Rh3 38. Rg2 Ne3 39. Rg3 Rxg3 40. hxg3 Nc4 41. Kg2 Kd8 42. Kf3 Nd2+ 43. Ke2 Nxb3 44. axb3 a2 45. Nh7 a1=Q 46. Ng5 Ke7 47. Kf3 Ra8 48. Kg4 Qd1+ 49. Kh3 Rh8+ 50. Kg2 Qh1+ 51. Kf2 Rh2+ 52. Ke3 Qe1+ 53. Kd3 Qe2# 0-1


[Site "https://www.chess.com"]

[Event "Titled Tuesday Blitz January 31 Early 2023"]
[White "Pulpan, Jakub"]
[Black "Lymar, Vladislav"]
[WhiteFideId "302759"]
[BlackFideId "14162180"]
[WhiteElo "2427"]
[BlackElo "2119"]
[Result "1-0"]
[Round "11"]
[TimeControl "180+2"]
[Date "2023.01.31"]
[WhiteClock "0:00:41"]
[BlackClock "0:00:02"]

1. d4 d5 2. Nc3 Nf6 3. Bg5 Nbd7 4. f3 e6 5. e4 Be7 6. e5 Nh5 7. Bxe7 Qxe7 8. g3 c5 9. f4 g6 10. Nb5 O-O 11. Nf3 a6 12. Nd6 Ng7 13. c3 Nf5 14. Nxf5 exf5 15. Bg2 cxd4 16. Nxd4 Nc5 17. Bxd5 Be6 18. Bxe6 fxe6 19. Qe2 Ne4 20. O-O Rac8 21. Rfd1 Rfd8 22. Nf3 Qc5+ 23. Kg2 b5 24. Rxd8+ Rxd8 25. Rd1 Rxd1 26. Qxd1 Qf2+ 27. Kh3 Qxg3+ 28. hxg3 Nf2+ 29. Kg2 Nxd1 30. Ng5 Nxb2 31. Nxe6 Nd1 32. Nc7 Nxc3 33. Nxa6 Nxa2 34. Kf3 b4 35. Nc5 Nc3 36. Ke3 h5 37. Kd3 Nd1 38. Kc4 Ne3+ 39. Kxb4 Nf1 40. Kb5 Nxg3 41. Kc6 h4 42. e6 Nh5 43. e7 Nf6 44. Ne6 Kf7 45. Kd6 Ne8+ 46. Kd7 Nf6+ 47. Kd6 1-0


[Site "https://www.chess.com"]